 Dungeon Crawl Stone Soup version 0.21-a0-401-g0b6bec4 (webtiles) character file.

37986 kae the Geomancer (level 14, -3/80 HPs)
             Began as a Gargoyle Earth Elementalist on Oct 25, 2017.
             Was an Elder of Vehumet.
             Slain by a queen bee (6 damage)
             ... on level 4 of the Lair of Beasts.
             The game lasted 00:33:19 (24157 turns).

kae the Geomancer (Gargoyle Earth Elementalist)    Turns: 24157, Time: 00:33:19

Health: -3/80      AC: 18    Str: 13    XL:     14   Next: 0%
Magic:  5/29       EV: 14    Int: 20    God:    Vehumet [****..]
Gold:   706        SH:  5    Dex: 10    Spells: 14/35 levels left

rFire    . . .     SeeInvis .   l - +4 dagger (venom)
rCold    . . .     Gourm    .   Z - +1 buckler {reflect}
rNeg     + . .     Faith    .   P - +2 robe "Ytimam" {rPois}
rPois    ∞         Spirit   .   K - +1 hat {MR+}
rElec    +         Reflect  +   (no cloak)
rCorr    .         Harm     .   j - +0 pair of gloves
MR       +++..                  Q - +0 pair of boots
Stlth    ++........             (no amulet)
HPRegen  0.23/turn              M - ring of protection from magic
MPRegen  0.21/turn              Y - +4 ring of slaying

@: flying
A: antennae 1, big wings, negative energy resistance 1, electricity resistance,
unbreathing, petrification resistance, rot immunity, AC +10
a: Stop Flying, Renounce Religion


You were on level 4 of the Lair of Beasts.
You worshipped Vehumet.
Vehumet was greatly pleased with you.
You were very hungry.

You visited 2 branches of the dungeon, and saw 15 of its levels.
You also visited: Volcano.

You collected 1148 gold pieces.
You spent 442 gold pieces at shops.

Inventory:

Hand Weapons
 h - a +0 dagger
 l - a +4 dagger of venom (weapon)
Missiles
 b - 204 stones (quivered)
Armour
 j - a +0 pair of gloves (worn)
 p - a scarf of cloud immunity
 K - a +1 hat of magic resistance (worn)
 P - the +2 robe "Ytimam" (worn) {rPois}
   (You bought it in a shop on level 9 of the Dungeon)

   It protects you from poison.
 Q - a +0 pair of boots (worn)
 U - a +1 cloak of fire resistance
 Z - a +1 buckler of reflection (worn)
Magical Staves
 w - an uncursed staff of summoning
Jewellery
 c - an uncursed ring of protection from cold
 k - an uncursed ring of stealth
 u - an uncursed ring of resist corrosion
 D - an uncursed ring of protection from magic
 M - a ring of protection from magic (left hand)
 Y - a +4 ring of slaying (right hand)
Wands
 o - a wand of paralysis (20/24)
 z - a wand of iceblast (3/15)
 C - a wand of iceblast (5/15)
 E - a wand of iceblast (9/15)
 F - a wand of digging (12/24)
 G - a wand of iceblast (4/15)
 H - a wand of flame (16/48)
 N - a wand of acid (8/15)
 W - a wand of polymorph (3/24)
Scrolls
 m - 3 scrolls of remove curse
 v - a scroll of magic mapping
 I - 9 scrolls of identify
 R - 3 scrolls of enchant armour
 T - a scroll of recharging
Potions
 f - 6 potions of agility
 n - a potion of lignification
 r - 4 potions of flight
 x - a potion of mutation
 J - a potion of brilliance
 L - 5 potions of berserk rage
 O - 2 potions of might
Books
 a - a book of Flames

   Spells                             Type                      Level
   a - Flame Tongue                   Conjuration/Fire             1
   b - Throw Flame                    Conjuration/Fire             2
   c - Conjure Flame                  Conjuration/Fire             3
   d - Inner Flame                    Hexes/Fire                   3
   e - Sticky Flame                   Conjuration/Fire             4
   f - Fireball                       Conjuration/Fire             5
 e - a book of Geomancy

   Spells                             Type                      Level
   a - Sandblast                      Earth                        1
   b - Passwall                       Transmutation/Earth          2
   c - Stone Arrow                    Conjuration/Earth            3
   d - Petrify                        Transmutation/Earth          4
   e - Lee's Rapid Deconstruction     Earth                        5
 i - a book of Misfortune

   Spells                             Type                      Level
   a - Confusing Touch                Hexes                        1
   b - Confuse                        Hexes                        3
   c - Gell's Gravitas                Translocation                3
   d - Petrify                        Transmutation/Earth          4
   e - Metabolic Englaciation         Hexes/Ice                    5
   f - Yara's Violent Unravelling     Hexes/Transmutation          5
 t - a book of Necromancy

   Spells                             Type                      Level
   a - Pain                           Necromancy                   1
   b - Animate Skeleton               Necromancy                   1
   c - Vampiric Draining              Necromancy                   3
   d - Regeneration                   Charms/Necromancy            3
   e - Animate Dead                   Necromancy                   4
   f - Control Undead                 Necromancy                   4
 y - a book of Enchantments

   Spells                             Type                      Level
   a - Cause Fear                     Hexes                        4
   b - Yara's Violent Unravelling     Hexes/Transmutation          5
   c - Silence                        Hexes/Air                    5
   d - Deflect Missiles               Charms/Air                   6
   e - Discord                        Hexes                        8
 A - a book of Minor Magic

   Spells                             Type                      Level
   a - Magic Dart                     Conjuration                  1
   b - Blink                          Translocation                2
   c - Call Imp                       Summoning                    2
   d - Slow                           Hexes                        2
   e - Conjure Flame                  Conjuration/Fire             3
   f - Mephitic Cloud                 Conjuration/Poison/Air       3
 X - a book of Debilitation

   Spells                             Type                      Level
   a - Corona                         Hexes                        1
   b - Slow                           Hexes                        2
   c - Inner Flame                    Hexes/Fire                   3
   d - Portal Projectile              Hexes/Translocation          3
   e - Cause Fear                     Hexes                        4
   f - Leda's Liquefaction            Hexes/Earth                  4
Comestibles
 d - 11 bread rations
 g - 12 meat rations
 s - 6 royal jellies
 V - 2 fruits


   Skills:
 + Level 6.5 Fighting
 + Level 6.7 Armour
 + Level 5.2 Dodging
 - Level 2.1 Stealth
 - Level 4.2 Shields
 + Level 11.3 Spellcasting
 + Level 12.8 Conjurations
   Level 0.7 Transmutations
 + Level 14.4 Earth Magic


You had 14 spell levels left.
You knew the following spells:

 Your Spells              Type           Power        Failure   Level  Hunger
a - Sandblast             Erth           ######       0%          1    None
b - Stone Arrow           Conj/Erth      ######       1%          3    None
c - Lee's Rapid Deconstr  Erth           ######....   1%          5    ####...
d - Conjure Flame         Conj/Fire      #####...     1%          3    None
e - Sticky Flame          Conj/Fire      #####...     1%          4    ##.....
f - Fireball              Conj/Fire      #####.....   3%          5    ####...


Dungeon Overview and Level Annotations

Branches:
Dungeon (10/15)            Temple (0/1) D:5            Lair (5/6) D:10
 Shoals (0/4) Lair:3       Spider (0/4) Lair:3          Orc (0/2) D:10
  Slime: Lair:5-6

Altars:
Ashenzari
Elyvilon
Fedhas
Kikubaaqudgha
Makhleb
Okawaru
Ru
Sif Muna
Trog
Vehumet
Wu Jian
Xom
The Shining One

Shops:
D:4 !   D:9 [

Annotations:
D:7 Joseph
Lair:4 exclusion: 2 oklob plants


Innate Abilities, Weirdness & Mutations

You are resistant to torment.
Your stone body is resilient. (AC +10)
You are immune to poison.
Your large and strong wings let you fly indefinitely.
You resist negative energy. (rN+)
You are resistant to electric shocks. (rElec)
You can survive without breathing.
You are immune to petrification.
You are immune to rotting.
You have a pair of small antennae on your head.


Message History

Aim: a queen bee The blast of sand hits the queen bee.
The queen bee is heavily wounded.
b - 205 stones The queen bee stings you but does no damage.
Casting: Sandblast
Confirm with . or Enter, or press ? or * to list all spells.
Aiming: Sandblast
Press: ? - help, Shift-Dir - straight line, f/p - queen bee
Aim: a queen bee (heavily wounded)
The blast of sand misses the queen bee.
b - 204 stones You feel less wooden.
Your +1 hat of magic resistance unmelds from your body.
Your +0 pair of gloves unmelds from your body.
Your +0 pair of boots unmelds from your body.
The +2 robe "Ytimam" {rPois} unmelds from your body.
You feel resistant to hostile enchantments.
The queen bee stings you.
You die...

###≈≈≈≈≈≈≈≈≈≈≈≈≈≈
#.#≈≈≈≈≈≈≈≈≈≈≈≈#
#.≈.≈.P.≈.P.≈.#
##.............# #
#..............# #
###.#......#...###
#...#....#.....##
##y.#.##.#......#.
#@#.....#......[..
##.#.#.#.#........
#.....#..#........
###..#.#..#.......
#.#.#....#.#......
#..#...#..........
###.##..#..#..#..÷
###..#####..#".>
###########...


You could see a queen bee.

Vanquished Creatures
  Gastronok (D:9)
  Snorg (Lair:5)
  Josephine (Lair:4)
  2 hydras (Lair:1)
  Harold (D:10)
  2 two-headed ogres
  A hell hog (Volcano)
  3 death yaks (Lair:4)
  A fire crab (Volcano)
  9 elephants
  Psyche (D:8)
  3 black mambas
  6 spiny frogs
  4 komodo dragons
  3 meliai (Lair:4)
  2 trolls (D:9)
  Grinder (D:6)
  5 hornets
  6 blink frogs
  6 hippogriffs
  12 spriggans (Lair:3)
  22 yaks
  3 wyverns
  4 wraiths (Lair:4)
  4 basilisks
  3 fire bats (Volcano)
  A hungry ghost (D:10)
  A steam dragon (Volcano)
  Edmund (D:6)
  7 water moccasins
  Duvessa (D:6)
  7 porcupines
  4 hell hounds
  2 black bears
  3 orc warriors
  3 ice beasts
  2 sky beasts
  4 phantoms
  3 boggarts (Lair:3)
  7 ogres
  6 wolves
  7 crocodiles
  3 centaurs
  11 bullfrogs
  A gnoll sergeant (D:8)
  Dowan (D:6)
  4 scorpions
  A water moccasin skeleton (D:7)
  37 killer bees
  An electric eel (Lair:5)
  2 howler monkeys (D:6)
  3 crimson imps
  2 quasits
  2 bullfrog zombies
  3 hounds
  A jelly (D:9)
  A centaur skeleton (D:4)
  8 orc priests
  10 orc wizards
  9 worker ants
  An iguana (D:8)
  A hound skeleton (D:3)
  A howler monkey skeleton (D:4)
  A worker ant zombie (D:5)
  4 gnolls
  A river rat (Lair:4)
  5 adders
  3 shadow imps
  An ooze (D:2)
  An adder zombie (D:7)
  An adder skeleton (D:9)
  5 worms
  5 leopard geckos
  48 orcs
  10 bats
  6 giant cockroaches
  12 goblins
  6 hobgoblins
  11 jackals
  3 quokkas
  2 ball pythons
  8 frilled lizards
  6 kobolds
  A leopard gecko skeleton (D:6)
  A quokka skeleton (D:3)
  10 rats
  A butterfly (Lair:4)
  A fungus (Lair:1)
422 creatures vanquished.

Vanquished Creatures (others)
  3 fungi (Lair:4)
  2 plants (Lair:4)
5 creatures vanquished.

Grand Total: 427 creatures vanquished

Notes
Turn   | Place    | Note
-------+----------+-------------------------------------------
     0 | D:1      | kae the Gargoyle Earth Elementalist began the quest for the Orb.
     0 | D:1      | Reached XP level 1. HP: 10/10 MP: 3/3
   435 | D:1      | Reached skill level 4 in Earth Magic
   435 | D:1      | Reached XP level 2. HP: 13/15 MP: 5/5
   963 | D:1      | Reached XP level 3. HP: 13/19 MP: 6/6
   972 | D:1      | Learned a level 3 spell: Stone Arrow
  1978 | D:2      | Reached skill level 1 in Conjurations
  1994 | D:2      | Reached XP level 4. HP: 14/24 MP: 8/8
  2212 | D:2      | Noticed a bullfrog
  2224 | D:2      | Killed a bullfrog
  2224 | D:2      | Reached skill level 5 in Earth Magic
  2224 | D:2      | Reached XP level 5. HP: 3/28 MP: 2/9
  2606 | D:2      | Found a deep blue altar of Sif Muna.
  3002 | D:3      | Noticed an ogre
  3057 | D:3      | Killed an ogre
  3057 | D:3      | Reached XP level 6. HP: 31/32 MP: 3/11
  3714 | D:4      | Reached skill level 6 in Earth Magic
  3770 | D:4      | Found a blossoming altar of Fedhas.
  4390 | D:4      | Found a white marble altar of Elyvilon.
  4415 | D:4      | Reached XP level 7. HP: 36/36 MP: 13/13
  4634 | D:4      | Found Ahaqanes's Distillery.
  4640 | D:4      | Bought a potion of degeneration for 14 gold pieces
  4640 | D:4      | Bought a potion of curing for 42 gold pieces
  4791 | D:4      | Found a blossoming altar of Fedhas.
  4902 | D:5      | Entered Level 5 of the Dungeon
  4988 | D:5      | HP: 1/36 [orc wizard/puff of frost (10)]
  5189 | D:4      | Reached skill level 7 in Earth Magic
  5477 | D:5      | Reached skill level 5 in Spellcasting
  5477 | D:5      | Reached XP level 8. HP: 41/41 MP: 8/15
  5539 | D:5      | Reached skill level 1 in Shields
  5640 | D:5      | Found a shattered altar of Ashenzari.
  5652 | D:5      | Reached skill level 5 in Conjurations
  6300 | D:5      | Found a staircase to the Ecumenical Temple.
  6527 | D:6      | Reached skill level 8 in Earth Magic
  6598 | D:6      | Noticed Duvessa
  6598 | D:6      | Noticed Dowan
  6600 | D:6      | Found an iron altar of Okawaru.
  6614 | D:6      | Killed Duvessa
  6619 | D:6      | Killed Dowan
  6621 | D:6      | Reached XP level 9. HP: 31/45 MP: 8/17
  6717 | D:6      | Found a bloodstained altar of Trog.
  6786 | D:6      | Noticed Edmund
  6791 | D:6      | Killed Edmund
  6875 | D:6      | Noticed Grinder
  6882 | D:6      | Killed Grinder
  7161 | D:6      | Reached skill level 9 in Earth Magic
  7698 | D:6      | Found a shimmering altar of Xom.
  7849 | D:6      | Noticed a two-headed ogre
  7853 | D:6      | Killed a two-headed ogre
  8115 | D:7      | Noticed Joseph
  8339 | D:7      | Reached XP level 10. HP: 37/50 MP: 11/20
  8464 | D:7      | Reached skill level 10 in Earth Magic
  8527 | D:7      | Found a sacrificial altar of Ru.
  8906 | D:7      | Found a radiant altar of Vehumet.
  8906 | D:7      | Found a burning altar of Makhleb.
  8929 | D:7      | Became a worshipper of Vehumet
  9929 | D:8      | Noticed Psyche
  9944 | D:8      | Paralysed by Psyche for 6 turns
  9952 | D:8      | Killed Psyche
 10388 | D:8      | Found an ornate altar of the Wu Jian Council.
 10709 | D:8      | Found a glowing golden altar of the Shining One.
 10905 | D:9      | Noticed a two-headed ogre
 10913 | D:9      | Killed a two-headed ogre
 10913 | D:9      | Reached skill level 11 in Earth Magic
 11089 | D:9      | Noticed Gastronok
 11460 | D:9      | Reached * piety under Vehumet
 11460 | D:9      | Offered knowledge of Flame Tongue by Vehumet.
 11651 | D:9      | Reached XP level 11. HP: 54/54 MP: 16/23
 12151 | D:9      | Found Laof's Antique Armour Emporium.
 12158 | D:9      | Bought a colourful robe for 193 gold pieces
 12168 | D:9      | Identified the +2 robe "Ytimam" {rPois} (You bought it in a shop on level 9 of the Dungeon)
 12168 | D:9      | Bought a twisted robe for 193 gold pieces
 12178 | D:9      | Identified the cursed +0 robe "Ufotu" {MR- Dex+5} (You bought it in a shop on level 9 of the Dungeon)
 12260 | D:9      | Killed Gastronok
 12260 | D:9      | Reached skill level 10 in Conjurations
 12260 | D:9      | Reached skill level 12 in Earth Magic
 12687 | D:9      | Found an ancient bone altar of Kikubaaqudgha.
 12796 | D:10     | Entered Level 10 of the Dungeon
 12796 | D:10     | Found a staircase to the Lair.
 12999 | D:10     | Found a staircase to the Orcish Mines.
 13063 | D:10     | Noticed Harold
 13075 | D:10     | Killed Harold
 13420 | Lair:1   | Entered Level 1 of the Lair of Beasts
 13444 | Lair:1   | Noticed a five-headed hydra
 13450 | Lair:1   | Killed a five-headed hydra
 13579 | Lair:1   | Offered knowledge of Shock by Vehumet.
 13735 | Lair:1   | Learned a level 5 spell: Lee's Rapid Deconstruction
 13739 | Lair:1   | Learned a level 3 spell: Conjure Flame
 13744 | Lair:1   | Learned a level 4 spell: Sticky Flame
 13750 | Lair:1   | Learned a level 5 spell: Fireball
 13790 | Lair:1   | Noticed a six-headed hydra
 13794 | Lair:1   | Killed a six-headed hydra
 13794 | Lair:1   | Reached skill level 10 in Spellcasting
 13889 | Lair:1   | Reached ** piety under Vehumet
 14674 | Lair:2   | Reached skill level 1 in Armour
 14674 | Lair:2   | Reached XP level 12. HP: 60/60 MP: 19/26
 14692 | Lair:2   | Reached skill level 1 in Fighting
 14715 | Lair:2   | Reached skill level 13 in Earth Magic
 15214 | Lair:2   | You fall through a shaft!
 15789 | Lair:3   | Found a hole to the Spider Nest.
 16146 | Lair:3   | Noticed a spriggan rider
 16384 | Lair:3   | Noticed a spriggan rider
 16421 | Lair:3   | Offered knowledge of Throw Frost by Vehumet.
 16449 | Lair:3   | Noticed a spriggan rider
 17250 | Lair:3   | Found a shimmering altar of Xom.
 17354 | Lair:3   | Found a staircase to the Shoals.
 17736 | Lair:3   | Reached *** piety under Vehumet
 18226 | Lair:4   | Noticed Josephine
 18382 | Lair:4   | Noticed a death yak
 18387 | Lair:4   | Noticed a death yak
 18388 | Lair:4   | Noticed a death yak
 18402 | Lair:4   | Killed a death yak
 18407 | Lair:4   | Reached XP level 13. HP: 23/72 MP: 13/27
 18997 | Lair:3   | Offered knowledge of Olgreb's Toxic Radiance by Vehumet.
 19590 | Lair:4   | Reached skill level 5 in Fighting
 19590 | Lair:4   | Reached skill level 5 in Armour
 19770 | Lair:4   | Reached **** piety under Vehumet
 20312 | Lair:4   | Offered knowledge of Iskenderun's Mystic Blast by Vehumet.
 20526 | Lair:4   | Killed Josephine
 20649 | Lair:4   | Reached skill level 14 in Earth Magic
 21503 | Lair:5   | Noticed Snorg
 21510 | Lair:5   | Killed Snorg
 21635 | Lair:5   | Found a dark tunnel.
 21656 | Volcano  | Entered a volcano
 22140 | Volcano  | Gained mutation: You have a pair of small antennae on your head. [potion of mutation]
 22140 | Volcano  | Gained mutation: Your large and strong wings let you fly indefinitely. [potion of mutation]
 22353 | Lair:5   | Reached skill level 5 in Dodging
 22397 | Lair:5   | Noticed a fire dragon
 24152 | Lair:4   | HP: 2/112 [komodo dragon (12)]
 24155 | Lair:4   | Mutation became permanent: Your large and strong wings let you fly indefinitely. [Gargoyle growth]
 24155 | Lair:4   | Gained mutation: Your large and strong wings let you fly indefinitely. [Gargoyle growth]
 24155 | Lair:4   | Reached XP level 14. HP: 4/80 MP: 7/29
 24157 | Lair:4   | Slain by a queen bee

Vault maps used:
D:1:      giann_forest_graveyard, minmay_misc_feat_square
D:2:      led_sif_pool
D:4:      lemuel_round_altar, lemuel_coloured_pillars_altar, first_bread,
          serial_shops, nicolae_shop_crystal, fedhas_bush_and_centaur_altar
D:5:      kennysheep_spiral_hall, temple_doors_cd, minmay_ruined_shrine
D:6:      gammafunk_temple_overflow_forgotten, uniq_duvessa, uniq_edmund,
          uniq_grinder
D:7:      grunt_temple_overflow_lords_of_destruction,
          nicolae_ru_sacrificial_ziggurat, hangedman_decor_peaks_small,
          uniq_joseph
D:8:      lemuel_round_altar, marbit_many_paths, uniq_psyche
D:9:      kiku_gazebo_pond_becter, serial_shops, nicolae_shop_behind_doors,
          grunt_ogre_cave, mrwooster_statue_mirror, uniq_gastronok
D:10:     minmay_lair_entry_lava, orc_0_dummy, uniq_harold
Lair:1:   minivault_27
Lair:2:   grunt_megastairs_3, lemuel_fruit_fields
Lair:3:   kb_forest_paths, elwin_shoals_entry_rocks,
          nicolae_spider_entry_non_spiders, basic_altar
Lair:4:   regret_index_harrowing_hell_hive, uniq_josephine
Lair:5:   dragon1_lemuel, nicolae_volcano_entry_lava_flow, uniq_snorg
Volcano:  volcano_pools

Skill      XL: |  1  2  3  4  5  6  7  8  9 10 11 12 13 |
---------------+----------------------------------------+-----
Earth Magic    | 4 5 6 7 8 9 11 12 13 14 | 14.4
Conjurations   | 1 2 3 4 6 8 9 11 12 | 12.8
Spellcasting   | 3 4 5 7 8 10 11 | 11.3
Shields        | 3 4 |  4.2
Armour         | 1 4 6 |  6.7
Fighting       | 4 6 |  6.5
Dodging        | 3 5 |  5.2
Stealth        | |  2.1
Transmutations | |  0.7

Action                   |  1- 3 |  4- 6 |  7- 9 | 10-12 | 13-15 || total
-------------------------+-------+-------+-------+-------+-------++-------
Melee: Dagger            |   197 |   110 |   210 |   394 |   149 ||  1060
       Unarmed           |     9 |       |       |       |       ||     9
 Cast: Sandblast         |    15 |    11 |    24 |   103 |    73 ||   226
       Stone Arrow       |       |     6 |    50 |   229 |   178 ||   463
       Lee's Rapid Decon |       |       |       |     4 |     3 ||     7
       Conjure Flame     |       |       |       |     2 |     1 ||     3
 Abil: Fly               |       |       |       |       |     1 ||     1
Evoke: Wand              |       |       |       |       |     3 ||     3
  Use: Scroll            |     3 |     4 |     8 |    14 |     7 ||    36
       Potion            |       |     2 |     2 |     5 |     5 ||    14
 Stab: Sleeping          |     5 |     2 |     4 |     2 |     1 ||    14
  Eat: Chunk             |     3 |     9 |    14 |    29 |    16 ||    71
       Fruit             |       |       |       |     3 |     1 ||     4
       Royal jelly       |       |       |       |     1 |       ||     1
Armor: Robe              |    94 |    37 |    99 |   234 |   174 ||   638
       Skin              |       |    31 |       |     7 |    31 ||    69
Dodge: Dodged            |   157 |    54 |   132 |   331 |   242 ||   916
Block: Buckler           |       |       |    33 |   126 |    98 ||   257

Table legend:
 A = Spawn XP
 B = Non-spawn XP
 C = Spawn XP percentage of total XP
 D = Spawn monster count
 E = Non-spawn monster count
 F = Spawn count percentage of total count
 G = Total turns spent on level
                    A         B        C        D         E        F      G
               +---------+---------+-------+---------+---------+-------+---------
         Total |       0 |   54266 |   0.0 |       0 |     420 |   0.0 | 24157
               +---------+---------+-------+---------+---------+-------+---------
           D:1 |       0 |      40 |   0.0 |       0 |      25 |   0.0 |  1312
           D:2 |       0 |     148 |   0.0 |       0 |      28 |   0.0 |  1387
           D:3 |       0 |     224 |   0.0 |       0 |      22 |   0.0 |  1198
           D:4 |       0 |     520 |   0.0 |       0 |      14 |   0.0 |  1430
           D:5 |       0 |     855 |   0.0 |       0 |      27 |   0.0 |  1051
           D:6 |       0 |    2675 |   0.0 |       0 |      31 |   0.0 |  1733
           D:7 |       0 |    1204 |   0.0 |       0 |      18 |   0.0 |  1244
           D:8 |       0 |    1445 |   0.0 |       0 |      18 |   0.0 |  1563
           D:9 |       0 |    5451 |   0.0 |       0 |      51 |   0.0 |  1878
          D:10 |       0 |    2095 |   0.0 |       0 |      11 |   0.0 |   624
        Lair:1 |       0 |    3206 |   0.0 |       0 |      10 |   0.0 |  1171
        Lair:2 |       0 |    3342 |   0.0 |       0 |      14 |   0.0 |  1111
        Lair:3 |       0 |    7837 |   0.0 |       0 |      48 |   0.0 |  2597
        Lair:4 |       0 |   16192 |   0.0 |       0 |      79 |   0.0 |  3638
        Lair:5 |       0 |    6383 |   0.0 |       0 |      16 |   0.0 |  1550
       Volcano |       0 |    2649 |   0.0 |       0 |       8 |   0.0 |   670
               +---------+---------+-------+---------+---------+-------+---------
